 Dungeon Crawl Stone Soup version 0.27.1-1-g398f81649c (webtiles) character file.

Game seed: 11635423809927393922

4326 Metae the Blocker (level 10, -4/82 HPs)
             Began as a Formicid Fighter on Sept 17, 2021.
             Was a Priest of Okawaru.
             Killed by divine providence
             ... invoked by an orc priest
              (11 damage)
             ... on level 6 of the Dungeon.
             The game lasted 00:18:49 (8102 turns).

Metae the Blocker (Formicid Fighter)                Turns: 8102, Time: 00:19:01

Health: -4/82      AC: 17    Str: 25    XL:     10   Next: 58%
Magic:  8/10       EV: 10    Int:  7    God:    Okawaru [***...]
Gold:   361        SH: 14    Dex: 10    Spells: 9/9 levels left

rFire    + . .     SeeInvis +   a - +0 war axe
rCold    x . .     Faith    .   c - +0 kite shield
rNeg     + . .     Spirit   .   n - +3 chain mail {rN+}
rPois    .         Reflect  .   (helmet unavailable)
rElec    .         Harm     .   k - +0 cloak
rCorr    .         Rampage  .   (no gloves)
Will     +....                  (no boots)
Stlth    ..........             (no amulet)
HPRegen  0.23/turn              d - ring of fire
MPRegen  0.12/turn              (no ring)

@: heroic
A: permanent stasis, dig shafts and tunnels, antennae 3, four strong arms
a: Dig, Shaft Self, Renounce Religion, Heroism


You were on level 6 of the Dungeon.
You worshipped Okawaru.
Okawaru was most pleased with you.
You visited 1 branch of the dungeon, and saw 6 of its levels.

You collected 361 gold pieces.

Inventory:

Hand Weapons
 a - a +0 war axe (weapon)
 s - the +9 staff of Olgreb {rPois∞}
   (You found it on level 6 of the Dungeon)

   If the wielder is skilled in Evocations, they can envenom those struck by it,
   dealing poison damage which bypasses armour.
   It enhances your poison magic.
   It grants immunity to poison.
   It can be evoked to radiate toxic energy, with effectiveness depending on
   Evocations skill.
 E - a +3 flail
Missiles
 i - 4 boomerangs
 D - 2 throwing nets
Armour
 b - a +0 scale mail
 c - a +0 kite shield (worn)
 k - a +0 cloak (worn)
 n - a +3 chain mail of positive energy (worn)
 w - a +0 plate armour
Jewellery
 d - a ring of fire (left hand)
Wands
 l - a wand of digging (4)
 o - a wand of iceblast (11)
 C - a wand of mindburst (20)
Scrolls
 f - a scroll of fear {unknown}
 g - 4 scrolls of teleportation {unknown}
 h - a scroll of enchant armour {unknown}
 p - a scroll of blinking {unknown}
 v - a scroll of vulnerability {unknown}
 y - a scroll of fog {unknown}
Potions
 e - a potion of resistance {unknown}
 j - a potion of ambrosia {unknown}
 m - a potion of attraction {unknown}
 q - a potion of flight {unknown}
 r - a potion of magic {unknown}
 t - a potion of cancellation {unknown}
 u - a potion of heal wounds {unknown}
 x - a potion of lignification {unknown}
 z - a potion of haste {unknown}
 A - a potion of degeneration {unknown}
 B - 2 potions of mutation {unknown}


   Skills:
 + Level 8.8(13.8) Fighting
 + Level 7.6(12.6) Axes
 + Level 8.7(13.7) Armour
 + Level 9.5(14.5) Shields
 + Level 0.5 Invocations
 + Level 0.4 Evocations


You had 9 spell levels left.
You didn't know any spells.
Your spell library contained the following spells:

 Spells                   Type           Power      Damage    Failure   Level
 Ozocubu's Armour         Ice            0%         N/A       99%         3
 Summon Guardian Golem    Hex/Summ       0%         N/A       99%         3
 Petrify                  Tmut/Erth      0%         N/A       100%        4
 Metabolic Englaciation   Hex/Ice        0%         N/A       100%        5
 Statue Form              Tmut/Erth      0%         N/A       100%        6
 Orb of Destruction       Conj           0%         N/A       100%        7
 Ozocubu's Refrigeration  Ice            0%         4d5       100%        7
 Spellforged Servitor     Conj/Summ      0%         N/A       100%        7


Dungeon Overview and Level Annotations

Branches:
Dungeon (6/15)             Temple (0/1) D:5

Altars:
Dithmenos
Gozag
Okawaru
Qazlal
Ru
Trog
Yredelemnul
Beogh

Shops:
D:2 [   D:5 (

Annotations:
D:6 1 runed translucent door, Nebesus's ghost, novice HuFE


Innate Abilities, Weirdness & Mutations

You cannot be hasted, slowed, berserked, paralysed or teleported.
You can dig through walls and to a lower floor.
You have a pair of large antennae on your head. (SInv)
Your four strong arms can wield two-handed weapons with a shield.


Message History

Okawaru accepts your kill.
Nebesus's ghost shrieks, "They lied to you.
The Dungeon just goes down and down forever."
You hit Nebesus's ghost but do no damage.
You block Nebesus's ghost's attack.
You hit Nebesus's ghost.
Nebesus's ghost is lightly damaged.
You block Nebesus's ghost's attack.
You hit Nebesus's ghost but do no damage.
Nebesus's ghost is lightly damaged.
Nebesus's ghost closely misses you.
You closely miss Nebesus's ghost.
Nebesus's ghost is lightly damaged.
You block Nebesus's ghost's attack.
You slash Nebesus's ghost!
Nebesus's ghost is moderately damaged.
Nebesus's ghost hits you but does no damage.
You hit Nebesus's ghost but do no damage.
Nebesus's ghost is moderately damaged.
Nebesus's ghost closely misses you.
You hit Nebesus's ghost but do no damage.
Nebesus's ghost is moderately damaged.
Nebesus's ghost hits you but does no damage.
Nebesus's ghost wails, "Death is your only future!"
Nebesus's ghost hits you!
* * * LOW HITPOINT WARNING * * *
You gain the combat prowess of a mighty hero.
Nebesus's ghost hits you.
* * * LOW HITPOINT WARNING * * *
You miss Nebesus's ghost.
Nebesus's ghost is moderately damaged.
The orc priest invokes the aid of Beogh against you.
Beogh smites you!
* * * LOW HITPOINT WARNING * * *
You hit Nebesus's ghost.
Nebesus's ghost is moderately damaged.
Nebesus's ghost whispers, "The ORB doesn't exist."
You block Nebesus's ghost's attack.
The orc priest invokes the aid of Beogh against you.
Beogh smites you!
You die...

....# ##.## ###.#
### #.# #.# # #.#
### # ### #.##
#8....[_[)...8##.##
#.............###.#
#.#8#..8..#8#.##@##
#.###.o.o.###.#W##
#....#####.o{{#o#
#.......o..{{{#o##
######''o######o.#
........W{....8..###
###'##..####.......#
##...#.## #.......#
#......# #.......#


You could see an orc priest, Nebesus's ghost and 2 orcs.

Vanquished Creatures
  Pikel (D:5)
  Sigmund (D:2)
  A redback (D:6)
  Eustachio (D:5)
  A steam dragon (D:6)
  Edmund (D:5)
  3 water moccasins
  2 orc warriors (D:6)
  4 black bears
  A necrophage (D:5)
  2 centaurs
  14 scorpions
  2 water moccasin skeletons
  10 killer bees
  A howler monkey (D:5)
  A centaur zombie (D:5)
  A gnoll shaman (D:6)
  2 hounds
  A bullfrog skeleton (D:5)
  2 jellies
  5 iguanas
  Jessica (D:3)
  Ijyb (D:3)
  Robin (D:3)
  8 gnolls (D:6)
  9 adders
  A shadow imp (D:6)
  A white imp (D:6)
  2 ufetubi
  An adder skeleton (D:4)
  A worm (D:2)
  2 dart slugs (D:3)
  6 orcs
  4 endoplasms
  2 giant cockroaches
  12 goblins
  7 hobgoblins
  10 jackals
  3 quokkas
  4 ball pythons
  6 bats
  6 frilled lizards
  4 kobolds
  5 rats
154 creatures vanquished.

Notes
Turn   | Place    | Note
-------+----------+-------------------------------------------
     0 | D:1      | Metae the Formicid Fighter began the quest for the Orb.
     0 | D:1      | Reached XP level 1. HP: 18/18 MP: 1/1
   440 | D:1      | Reached XP level 2. HP: 24/24 MP: 2/2
  1343 | D:2      | Reached XP level 3. HP: 29/29 MP: 3/3
  1343 | D:2      | Found Soel's Antique Armour Shop.
  1366 | D:2      | Reached skill level 4 in Shields
  1430 | D:2      | Noticed Sigmund
  1440 | D:2      | Killed Sigmund
  1441 | D:2      | Reached XP level 4. HP: 9/38 MP: 4/4
  1441 | D:2      | Reached XP level 5. HP: 10/43 MP: 5/5
  1441 | D:2      | Reached XP level 6. HP: 11/49 MP: 6/6
  2111 | D:3      | Noticed Robin
  2116 | D:3      | Killed Robin
  2198 | D:3      | Found a faded altar of an unknown god.
  2233 | D:3      | Found a stormy altar of Qazlal.
  2234 | D:3      | Found a basalt altar of Yredelemnul.
  2236 | D:3      | Found a bloodstained altar of Trog.
  2239 | D:3      | Noticed Jessica
  2240 | D:3      | Found an iron altar of Okawaru.
  2240 | D:3      | Found an opulent altar of Gozag.
  2241 | D:3      | Found a sacrificial altar of Ru.
  2242 | D:3      | Found a shadowy altar of Dithmenos.
  2247 | D:3      | Killed Jessica
  2248 | D:3      | Reached skill level 5 in Shields
  2256 | D:3      | Became a worshipper of Warmaster Okawaru
  2789 | D:3      | Noticed Ijyb
  2809 | D:3      | Killed Ijyb
  3070 | D:4      | Reached XP level 7. HP: 53/55 MP: 7/7
  3130 | D:4      | Reached skill level 5 in Fighting
  3150 | D:4      | Reached skill level 5 in Armour
  3538 | D:4      | Reached skill level 6 in Shields
  3552 | D:4      | Reached XP level 8. HP: 47/63 MP: 8/8
  3992 | D:5      | Entered Level 5 of the Dungeon
  4019 | D:5      | Found Tida Esupp's Weapon Boutique.
  4043 | D:5      | Found a staircase to the Ecumenical Temple.
  4050 | D:5      | Reached * piety under Okawaru
  4253 | D:5      | Noticed Eustachio
  4254 | D:5      | Noticed Pikel
  4258 | D:5      | Noticed Edmund
  4270 | D:5      | Killed Pikel
  4271 | D:5      | Reached skill level 5 in Axes
  4271 | D:5      | Reached skill level 7 in Shields
  4271 | D:5      | Reached XP level 9. HP: 44/71 MP: 9/9
  4294 | D:5      | Killed Edmund
  4305 | D:5      | Killed Eustachio
  4354 | D:5      | Reached ** piety under Okawaru
  4874 | D:5      | Reached skill level 8 in Shields
  5306 | D:6      | Found the +9 staff of Olgreb {rPois∞}
  5573 | D:6      | Found a runed translucent gate.
  5573 | D:6      | Noticed Nebesus's ghost (novice HuFE)
  5576 | D:6      | Found a runed translucent gate.
  5577 | D:6      | Found a runed translucent gate.
  5795 | D:6      | Found a runed translucent door.
  5816 | D:6      | Found a runed translucent door.
  5825 | D:6      | Found a runed translucent gate.
  5825 | D:6      | Found a runed translucent gate.
  5839 | D:6      | Found a runed translucent gate.
  6065 | D:6      | Reached XP level 10. HP: 73/80 MP: 10/10
  6695 | D:6      | Reached *** piety under Okawaru
  6731 | D:5      | Reached skill level 9 in Shields
  8102 | D:6      | Killed from afar by an orc priest

Illustrated notes

Levels and vault maps discovered:
D:1:      dpeg_arrival_arbitrary_a, layout_basic, feat_on_display
D:2:      layout_loops_ring, serial_shops, nicolae_shop_crystal, uniq_sigmund
D:3:      layout_basic, minitemple, basic_ecumenical_altar, uniq_robin,
          uniq_ijyb, uniq_jessica
D:4:      layout_rooms, kennysheep_boxes
D:5:      layout_layer_cave, minmay_temple_entry_sparse_star, serial_shops,
          nicolae_shop_crystal, uniq_pikel, uniq_eustachio, uniq_edmund
D:6:      layout_loops_corners, biasface_ghost_orc_armoury,
          minmay_guarded_unrand_staff_of_olgreb

Skill      XL: |  1  2  3  4  5  6  7  8  9 10 |
---------------+-------------------------------+-----
Shields        | 4 5 6 7 8 9 |  9.5
Fighting       | 4 5 6 7 8 |  8.8
Axes           | 3 4 5 6 7 |  7.6
Armour         | 4 5 6 7 8 |  8.7
Invocations    | |  0.5
Evocations     | |  0.4

Action                   |  1- 3 |  4- 6 |  7- 9 | 10-12 || total
-------------------------+-------+-------+-------+-------++-------
Melee: War axe           |    56 |   139 |   284 |   182 ||   661
Invok: Heroism           |       |       |     2 |     6 ||     8
 Abil: Dig               |       |       |     1 |     1 ||     2
  Use: Potion            |     1 |       |       |     2 ||     3
Armor: Scale mail        |    18 |    68 |       |       ||    86
       Chain mail        |       |     9 |   188 |    95 ||   292
Dodge: Dodged            |    16 |    56 |   107 |    66 ||   245
Block: Kite shield       |    19 |    88 |   234 |   191 ||   532
